 Dungeon Crawl Stone Soup version 0.31-a0-846-gb3bcc0d938 (webtiles) character file.

Game seed: 17751356517808633713

1669 Danienth the Cleaver (level 8, -3/74 HPs)
             Began as a Minotaur Fighter on Oct 3, 2023.
             Was a Follower of the Shining One.
             Killed by divine providence
             ... invoked by Jeremiah
              (16 damage)
             ... on level 7 of the Dungeon.
             The game lasted 00:20:22 (5910 turns).

Danienth the Cleaver (Minotaur Fighter)             Turns: 5910, Time: 00:20:25

Health: -3/74      AC:  8    Str: 21    XL:     8   Next: 69%
Magic:  7/7        EV:  9    Int:  5    God:    the Shining One [*.....]
Gold:   318        SH:  6    Dex: 12    Spells: 4/7 levels left

rFire   . . .        a - +0 war axe
rCold   . . .        c - +1 buckler
rNeg    . . .        b - +0 scale mail
rPois   .            (helmet restricted)
rElec   .            i - +0 cloak
rCorr   .            (no gloves)
SInv    .            (no boots)
Will    +....        (no amulet) Stlth
                     d - ring of willpower
HPRegen 0.32/turn    (no ring)
MPRegen 0.10/turn

%: no passive effects
@: glowing
A: horns 2, retaliatory headbutt
a: Renounce Religion, Divine Shield


You were on level 7 of the Dungeon.
You worshipped the Shining One.
The Shining One was aware of your devotion.
You visited 1 branch of the dungeon, and saw 7 of its levels.

You collected 318 gold pieces.

Inventory:

Hand Weapons
 a - a +0 war axe (weapon)
 g - a +0 sling
 n - a +3 short sword
 p - a +4 short sword
 t - a +0 antimagic halberd
Missiles
 m - 44 stones
 q - 5 javelins
 s - 5 poisoned darts (quivered)
Armour
 b - a +0 scale mail (worn)
 c - a +1 buckler (worn)
 i - a +0 cloak (worn)
Magical Staves
 e - a staff of earth
Jewellery
 d - a ring of willpower (left hand)
 r - a ring of fire
Scrolls
 h - 4 scrolls of enchant armour
 o - a scroll of fog {unknown}
 w - 2 scrolls of immolation {unknown}
 y - a scroll of enchant weapon {unknown}
 z - 3 scrolls of blinking {unknown}
 B - a scroll of butterflies {unknown}
 C - a scroll of vulnerability {unknown}
 H - a scroll of revelation {unknown}
Potions
 f - 2 potions of curing
 j - a potion of haste {unknown}
 k - a potion of heal wounds {unknown}
 l - 3 potions of cancellation
 u - a potion of lignification {unknown}
 v - a potion of mutation {unknown}
 x - 3 potions of invisibility
 A - a potion of ambrosia {unknown}
 D - 2 potions of resistance {unknown}
 E - a potion of brilliance {unknown}
 F - a potion of magic {unknown}
 G - a potion of experience {unknown}


   Skills:
 + Level 8.0 Fighting
 * Level 10.0 Axes
 - Level 3.0 Throwing
 - Level 4.6 Armour
 - Level 4.5 Shields


You had 4 spell levels left.
You knew the following spells:

 Your Spells              Type           Power      Damage    Failure   Level
a - Ignite Poison         Fire/Tmut/Pois 0%         N/A       99%         3

Your spell library contained the following spells:

 Spells                   Type           Power      Damage    Failure   Level
 Scorch                   Fire           0%         2d5       95%         2
 Static Discharge         Conj/Air       0%         2-2/arc   95%         2
 Summon Guardian Golem    Hex/Summ       0%         N/A       99%         3
 Airstrike                Air            0%         2d(0-16)  100%        4
 Flame Wave               Conj/Fire      0%         2d4       100%        4
 Sticky Flame             Conj/Fire      0%         2d3       100%        4
 Summon Lightning Spire   Summ/Air       0%         N/A       100%        4
 Summon Cactus Giant      Summ           0%         N/A       100%        6
 Orb of Destruction       Conj           0%         9d5       100%        7
 Spellforged Servitor     Conj/Summ      0%         N/A       100%        7
 Ignition                 Fire           0%         3d3       100%        8


Dungeon Overview and Level Annotations

Branches:
Dungeon (7/15)             Temple (0/1) D:7

Altars:
Ashenzari
Dithmenos
Elyvilon
Nemelex Xobeh
Qazlal
Zin
The Shining One

Shops:
D:5 :

Annotations:
D:7 Jeremiah


Innate Abilities, Weirdness & Mutations

You have a pair of horns on your head.
You reflexively headbutt those who attack you in melee.


Message History

Press: ? - help, Dir - move target, f - butterfly
Aim: a butterfly (summoned, haloed, about 35% to evade your +0 war axe)
You slash the butterfly!
You kill the butterfly!
The butterfly disappears in a burst of colours! x2
Jeremiah shouts, "O dreadful one, destroy my foe!"
Something smites you!
* * * LOW HITPOINT WARNING * * *
The butterfly disappears in a burst of colours! x3
Jeremiah lets out a twisted cry.
Something smites you!
* * * LOW HITPOINT WARNING * * *
Cleave: a) +0 war axe
Press: ? - help, Dir - move target You slash the butterfly!
You kill the butterfly!
The butterfly disappears in a burst of colours!
You hit the butterfly.
You kill the butterfly!
The butterfly disappears in a burst of colours!
You barely miss the butterfly. You hit the butterfly.
You kill the butterfly!
The butterfly disappears in a burst of colours!
You hit the butterfly.
You kill the butterfly!
The butterfly disappears in a burst of colours!
You block Jeremiah's attack.
Cleave: a) +0 war axe
Press: ? - help, Dir - move target You hit the butterfly.
You kill the butterfly!
The butterfly disappears in a burst of colours!
You barely miss the butterfly. You hit the butterfly.
You kill the butterfly!
The butterfly disappears in a burst of colours! x2
Jeremiah says, "Oh, what beautiful sparkles and rainbows everywhere!"
Jeremiah mumbles a slurred invocation.
Something smites you!
You die...
Jeremiah says, "O terrible one, your will is done."

..........⌠8.#.#
.#....#...)..#..#
....####.)).## .##
...# #.....##...
...#####.b........
..................
........b.)b....#
..>.b....))......
#.#.....@).###b..
#......bbb.# ..
##....b.(F.....
#...(.b.......#
##...b..#....##
##..#####..## ..#
..# ... #.#


You could see Jeremiah.

Vanquished Creatures
  A komodo dragon (D:7)
  A water moccasin (D:6)
  An ice beast (D:6)
  A sky beast (D:6)
  2 ogres
  2 centaurs
  A kobold brigand (D:7)
  A bullfrog (D:7)
  3 scorpions (D:5)
  A howler monkey (D:5)
  A gnoll bouda (D:6)
  A jelly (D:6)
  A sleepcap (D:7)
  3 iguanas
  2 orc wizards (D:7)
  6 adders
  7 gnolls
  A shadow imp (D:7)
  2 worms
  A dart slug (D:1)
  19 orcs
  4 ball pythons
  8 endoplasms
  4 giant cockroaches
  6 goblins
  5 hobgoblins
  6 jackals
  13 kobolds
  3 quokkas
  4 bats
  6 frilled lizards
  5 rats
122 creatures vanquished.

Notes
Turn   | Place    | Note
-------+----------+-------------------------------------------
     0 | D:1      | Danienth the Minotaur Fighter began the quest for the Orb.
     0 | D:1      | Reached XP level 1. HP: 19/19 MP: 0/0
   141 | D:1      | Reached XP level 2. HP: 27/27 MP: 1/1
   781 | D:2      | Reached skill level 3 in Axes
   781 | D:2      | Reached XP level 3. HP: 6/33 MP: 2/2
  1142 | D:2      | Found a faded altar of an unknown god.
  1631 | D:3      | Reached XP level 4. HP: 41/41 MP: 3/3
  1641 | D:3      | Found a glowing silver altar of Zin.
  1643 | D:3      | Found a glowing golden altar of the Shining One.
  1643 | D:3      | Found a white marble altar of Elyvilon.
  1797 | D:3      | Became a worshipper of the Shining One
  1990 | D:3      | Reached skill level 4 in Axes
  2108 | D:3      | Found a shadowy altar of Dithmenos.
  2215 | D:3      | Reached XP level 5. HP: 45/47 MP: 4/4
  2459 | D:4      | Found a broken altar of Ashenzari.
  3098 | D:5      | Entered Level 5 of the Dungeon
  3158 | D:5      | Reached skill level 1 in Throwing
  3161 | D:5      | Noticed a centaur
  3167 | D:5      | Killed a centaur
  3168 | D:5      | Reached skill level 5 in Fighting
  3168 | D:5      | Reached skill level 5 in Axes
  3168 | D:5      | Reached XP level 6. HP: 52/56 MP: 5/5
  3329 | D:5      | Found Ylypt's Tiny Tomes.
  3340 | D:5      | Learned a level 3 spell: Ignite Poison
  3373 | D:5      | Reached skill level 6 in Axes
  3891 | D:5      | Found a stormy altar of Qazlal.
  4121 | D:5      | HP: 1/56 [ogre/+0 giant spiked club (24)]
  4152 | D:5      | Reached XP level 7. HP: 17/62 MP: 6/6
  4609 | D:6      | Reached skill level 7 in Axes
  5131 | D:6      | Reached skill level 8 in Axes
  5131 | D:6      | Reached XP level 8. HP: 51/71 MP: 7/7
  5424 | D:7      | Noticed a komodo dragon
  5451 | D:7      | Killed a komodo dragon
  5452 | D:7      | Reached skill level 9 in Axes
  5554 | D:7      | Found a sparkling altar of Nemelex Xobeh.
  5573 | D:7      | Reached * piety under the Shining One
  5868 | D:7      | Found a staircase to the Ecumenical Temple.
  5883 | D:7      | Noticed Jeremiah
  5886 | D:7      | Reached skill level 10 in Axes
  5910 | D:7      | Killed from afar by Jeremiah

Illustrated notes

Levels and vault maps discovered:
D:1:      heliophobic_arrival_dark_side_of_the_moon, layout_basic,
          corexii_item_surrounded_by_moat
D:2:      layout_basic, hellmonk_ecumenical_altar_run_dry
D:3:      layout_loops_cross, dreamdust_divine_triumvirate, old_standard_altar,
          serial_glass, glass_columns_b, glass_columns_b
D:4:      layout_basic, ashenzari_conservatory_becter
D:5:      layout_basic, lemuel_crystal_altar,
          nicolae_shop_i_like_small_books_too
D:6:      layout_loops_cross, grunt_decor_arrowhead
D:7:      layout_layer_cave, mainiacjoe_overflow_alcove_1, grunt_gozag_statues,
          minmay_temple_entry_drinking_statues, feat_on_display, uniq_jeremiah

Skill      XL: |  1  2  3  4  5  6  7  8 |
---------------+-------------------------+-----
Fighting       | 4 5 6 8 |  8.0
Armour         | 4 |  4.6
Shields        | 4 |  4.5
Axes           | 3 4 5 6 8 10 | 10.0
Throwing       | 1 2 3 |  3.0

Action                     |  1- 3 |  4- 6 |  7- 9 || total
---------------------------+-------+-------+-------++-------
  Melee: War axe           |    81 |   108 |    70 ||   259
         Headbutt          |    11 |    19 |    20 ||    50
  Throw: Stone             |     3 |       |     4 ||     7
         Dart              |       |     5 |    10 ||    15
         Javelin           |       |     1 |    12 ||    13
    Use: Scroll            |     1 |     2 |       ||     3
         Potion            |       |     4 |     3 ||     7
 Armour: Scale mail        |    62 |    75 |    62 ||   199
  Dodge: Dodged            |    31 |    45 |    30 ||   106
  Block: Buckler           |    13 |    37 |    21 ||    71

Table legend: (Time is in decaauts)
 A = Elapsed time spent in this place.
 B = Non-inter-level travel time spent in this place.
 C = Inter-level travel time spent in this place.
 D = Time resting spent in this place.
 E = Time spent auto-exploring this place.
 F = Levels seen in this place.
 G = Mean time per level.
                   A        B        C        D        E       F      G
               +--------+--------+--------+--------+--------+-----+--------+
         Total |   5983 |   5706 |    277 |    959 |   3960 |   7 |  854.7 |
       Dungeon |   5983 |   5706 |    277 |    959 |   3960 |   7 |  854.7 |
               +--------+--------+--------+--------+--------+-----+--------+

Top non-repeatable levels by time:
     D:5: 1478 daAuts
     D:3: 1077 daAuts
     D:6: 809 daAuts
     D:1: 743 daAuts
     D:2: 672 daAuts
     D:4: 661 daAuts
     D:7: 541 daAuts
